 Dungeon Crawl Stone Soup version 0.31-a0-870-g10ed682358 (webtiles) character file.

Game seed: 3829461171825476389

56944 BinkBink the Warrior (level 14, -7/143 HPs)
             Began as a Minotaur Monk on Oct 12, 2023.
             Was the Champion of Qazlal.
             Mangled by a 16-headed hydra (12 damage)
             ... on level 4 of the Lair of Beasts.
             The game lasted 00:47:38 (20659 turns).

BinkBink the Warrior (Minotaur Monk)               Turns: 20659, Time: 00:47:38

Health: -7/143     AC: 30    Str: 21    XL:     14   Next: 43%
Magic:  13/13      EV: 12    Int:  7    God:    Qazlal [******]
Gold:   497        SH: 26    Dex: 13    Spells: 13/13 levels left

rFire   . . .        x - +5 hand axe (chaos)
rCold   + + +        s - +2 tower shield {reflect}
rNeg    + . .        I - +3 pearl dragon scales
rPois   .            o - +0 hat
rElec   .            M - +2 cloak "Geutil" {Drain rC+++ Will+ rCorr}
rCorr   +            F - +2 pair of gloves {Stlth+}
SInv    +            k - +0 pair of boots
Will    ++...        w - amulet of regeneration
Stlth   +            D - ring of see invisible
HPRegen 1.23/turn    (no ring)
MPRegen 0.13/turn

%: repel missiles, reflection
@: protected from physical damage
A: horns 2, retaliatory headbutt
a: Renounce Religion, Upheaval, Elemental Force, Disaster Area


You were on level 4 of the Lair of Beasts.
You worshipped Qazlal.
Qazlal was exalted by your worship.
You visited 4 branches of the dungeon, and saw 19 of its levels.
You also visited: Bailey and Ice Cave.

You collected 1956 gold pieces.
You spent 1459 gold pieces at shops.

Inventory:

Hand Weapons
 b - the +7 falchion of Duty {flame, rPois Will+ Dex+2 Stlth+}
   (You found it on level 8 of the Dungeon)

   Dex+2:     It affects your dexterity (+2).
   rPois:     It protects you from poison Will+: It increases your willpower.
   Stlth+:    It makes you more stealthy.
 x - a +5 hand axe of chaos (weapon)
Armour
 k - a +0 pair of boots (worn)
 o - a +0 hat (worn)
 s - a +2 tower shield of reflection (worn)
 F - a +2 pair of gloves of stealth (worn)
 I - +3 pearl dragon scales (worn)
 M - the +2 cloak "Geutil" (worn) {Drain rC+++ Will+ rCorr}
   (You bought it in a shop on level 2 of the Orcish Mines)

   rC+++:     It renders you almost immune to cold.
   Will+:     It increases your willpower.
   rCorr:     It protects you from acid and corrosion.
   Drain:     It drains your maximum health when unequipped.
Jewellery
 w - an amulet of regeneration (around neck)
 D - a ring of see invisible (left hand)
Wands
 a - a wand of iceblast (7) (quivered)
 n - a wand of charming (11)
 t - a wand of polymorph (8)
 v - a wand of flame (19)
 E - a wand of mindburst (3)
 J - a wand of digging (6)
Scrolls
 e - a scroll of revelation
 h - 3 scrolls of noise
 u - 2 scrolls of immolation
 y - 5 scrolls of silence
 z - 6 scrolls of identify
 A - 2 scrolls of teleportation
 B - a scroll of vulnerability
 C - a scroll of amnesia
 H - a scroll of fear
 L - 2 scrolls of fog
Potions
 c - a potion of ambrosia
 g - a potion of brilliance
 i - 8 potions of attraction
 j - 3 potions of berserk rage
 l - 3 potions of cancellation
 m - 2 potions of magic
 p - a potion of lignification
 q - 5 potions of curing
 r - 2 potions of mutation


   Skills:
 * Level 18.0 Fighting
 - Level 14.0 Axes
 + Level 12.8 Armour
 + Level 12.3 Dodging
 + Level 10.8 Shields


You had 13 spell levels left.
You didn't know any spells.
Your spell library contained the following spells:

 Spells                   Type           Power      Damage    Failure   Level
 Apportation              Tloc           0%         N/A       99%         1
 Foxfire                  Conj/Fire      0%         2x1d4     99%         1
 Freeze                   Ice            0%         1d3       99%         1
 Magic Dart               Conj           0%         1d3       99%         1
 Necrotise                Necr           0%         1d4       99%         1
 Blink                    Tloc           0%         N/A       100%        2
 Ensorcelled Hibernation  Hex/Ice        0%         N/A       100%        2
 Jinxbite                 Hex            0%         N/A       100%        2
 Lesser Beckoning         Tloc           0%         N/A       100%        2
 Scorch                   Fire           0%         2d5       100%        2
 Searing Ray              Conj           0%         2d4       100%        2
 Dazzling Flash           Conj/Hex       0%         N/A       100%        3
 Frozen Ramparts          Ice            0%         1d1       100%        3
 Gell's Gravitas          Tloc           0%         N/A       100%        3
 Hailstorm                Conj/Ice       0%         3d3       100%        3
 Inner Flame              Hex/Fire       0%         N/A       100%        3
 Ozocubu's Armour         Ice            0%         N/A       100%        3
 Teleport Other           Tloc           0%         N/A       100%        3
 Vampiric Draining        Necr           0%         2d6       100%        3
 Anguish                  Hex/Necr       0%         N/A       100%        4
 Animate Armour           Summ/Erth      0%         N/A       100%        4
 Animate Dead             Necr           0%         N/A       100%        4
 Cause Fear               Hex            0%         N/A       100%        4
 Flame Wave               Conj/Fire      0%         2d4       100%        4
 Fulminant Prism          Conj/Hex       0%         3d5       100%        4
 Manifold Assault         Tloc           0%         N/A       100%        4
 Petrify                  Tmut/Erth      0%         N/A       100%        4
 Sticky Flame             Conj/Fire      0%         2d3       100%        4
 Summon Lightning Spire   Summ/Air       0%         N/A       100%        4
 Agony                    Necr           0%         N/A       100%        5
 Alistair's Intoxication  Tmut/Pois      0%         N/A       100%        5
 Borgnjor's Vile Clutch   Necr/Erth      0%         N/A       100%        5
 Fireball                 Conj/Fire      0%         3d3       100%        5
 Lee's Rapid Deconstruct  Erth           0%         3d4*      100%        5
 Metabolic Englaciation   Hex/Ice        0%         N/A       100%        5
 Silence                  Hex/Air        0%         N/A       100%        5
 Death Channel            Necr           0%         N/A       100%        6
 Plasma Beam              Fire/Air       0%         2x1d10    100%        6
 Starburst                Conj/Fire      0%         6d3       100%        6
 Summon Cactus Giant      Summ           0%         N/A       100%        6
 Ozocubu's Refrigeration  Ice            0%         4d7       100%        7
 Dragon's Call            Summ           0%         N/A       100%        9


Dungeon Overview and Level Annotations

Branches:
Dungeon (12/15)            Temple (1/1) D:4            Lair (4/5) D:11
  Swamp (0/4) Lair:3        Snake (0/4) Lair:3          Orc (2/2) D:9
    Elf (0/3) Orc:2        Bailey (visited)           IceCv (visited)
  Slime: Lair:4-5

Altars:
Ashenzari
Cheibriados
Dithmenos
Elyvilon
Fedhas
Gozag
Hepliaklqana
Kikubaaqudgha
Makhleb
Nemelex Xobeh
Okawaru
Qazlal
Ru
Sif Muna
Trog
Uskayaw
Vehumet
Wu Jian
Xom
Yredelemnul
Zin
The Shining One

Shops:
D:4 ?   D:7 *   D:9 ?(=!   D:12 (   Orc:1 !?   Orc:2 =[![

Annotations:
D:4 Sigmund
D:5 2 transporters, Opifex's ghost, amateur GrMo
D:8 1 runed translucent door, sanka's ghost, novice OpSh
Orc:2 2 transporters, Zatogeumi's ghost, journeyman OpFE


Innate Abilities, Weirdness & Mutations

You have a pair of horns on your head.
You reflexively headbutt those who attack you in melee.


Message History

You block the 14-headed hydra's attack. x2; The 14-headed hydra bites you.
You block the 14-headed hydra's attack. x2
The 14-headed hydra barely misses you.
The 14-headed hydra completely misses you.
You block the 14-headed hydra's attack.
The 14-headed hydra bites you but does no damage. x6
You lop one of the 14-headed hydra's heads off!
The 13-headed hydra grows two more!
You hit the 15-headed hydra.
The 15-headed hydra seems to grow stronger.
The 15-headed hydra is heavily wounded.
You block the 15-headed hydra's attack. x2
The 15-headed hydra bites you but does no damage. x4
You block the 15-headed hydra's attack. x2; The 15-headed hydra misses you.
The 15-headed hydra bites you but does no damage.
The 15-headed hydra barely misses you. The 15-headed hydra bites you!
The 15-headed hydra bites you but does no damage.
The 15-headed hydra bites you! The 15-headed hydra bites you.
You hack one of the 15-headed hydra's heads off!
The 14-headed hydra grows two more!
You hit the 16-headed hydra. You headbutt the 16-headed hydra!
The 16-headed hydra is heavily wounded.
You block the 16-headed hydra's attack. x2; The 16-headed hydra bites you!!
* * * LOW HITPOINT WARNING * * *
The 16-headed hydra bites you.
* * * LOW HITPOINT WARNING * * *
You feel more protected from physical attacks.
The 16-headed hydra bites you but does no damage.
You block the 16-headed hydra's attack. The 16-headed hydra bites you!!
* * * LOW HITPOINT WARNING * * *
You feel more protected from physical attacks.
The 16-headed hydra closely misses you. The 16-headed hydra bites you.
* * * LOW HITPOINT WARNING * * *
You block the 16-headed hydra's attack. The 16-headed hydra misses you.
The 16-headed hydra closely misses you. You block the 16-headed hydra's attack.
The 16-headed hydra bites you but does no damage. x2
The 16-headed hydra closely misses you. The 16-headed hydra bites you!
* * * LOW HITPOINT WARNING * * *
You feel more protected from physical attacks.
The 16-headed hydra bites you!
You die...

....#...# .. $#.....##
... ###.......##... #
##............. ##
#....†.......## #.
.##.....†......# ##.
........☼○.....# ##..
...###.○°.....#######...
# #§@.§.....P.#.#....
#.D°.?.......#.....
⌠...○☼°..(.(..###....
...#....D..P(..# P....
..#+##......(....#####..
. #...........### ##.
./...........#.###..
##......###..#......
#..................


You could see a 16-headed hydra (fast, strong, resistant, very poisoned) and a
nine-headed hydra.

Vanquished Creatures
  Rupert (Lair:3)
  A hydra (Lair:2)
  Erolcha (Orc:2)
  Harold (D:9)
  A centaur warrior (D:12)
  2 two-headed ogres
  2 boulder beetles (D:12)
  Urug (Lair:3)
  5 orc high priests
  2 skysharks
  A phantasmal warrior (D:12)
  A necromancer (IceCv)
  5 ugly things
  An oklob plant (Lair:3)
  4 orc knights
  2 cyclopes
  4 orc sorcerers (Orc:2)
  A manticore (D:12)
  5 elephants (Lair:2)
  An ice statue (IceCv)
  A gargoyle (D:11)
  7 komodo dragons
  2 unseen horrors
  10 cane toads
  6 rime drakes
  12 ice devils (IceCv)
  4 freezing wraiths (IceCv)
  A tengu conjurer (D:12)
  An anaconda simulacrum (IceCv)
  Psyche (D:8)
  4 trolls
  A polar bear (Lair:2)
  20 blink frogs
  6 dream sheep (Lair:4)
  A shadow (D:10)
  A vampire (D:12)
  A spriggan (shapeshifter) (Orc:2)
  4 wyverns
  2 dire elephant simulacra (IceCv)
  41 yaks
  3 basilisks
  2 vampire mosquitoes (D:12)
  7 death yak simulacra (IceCv)
  4 wargs
  A harpy simulacrum (IceCv)
  2 nagas (Lair:3)
  2 hydra simulacra (IceCv)
  An acid dragon (D:10)
  11 water moccasins
  An ice beast (D:6)
  A sky beast (D:8)
  27 orc warriors
  A blink frog zombie (Lair:4)
  2 black bears
  7 ogres
  8 centaurs
  5 kobold brigands
  8 bullfrogs
  2 gnoll sergeants
  2 scorpions
  2 cane toad simulacra (IceCv)
  7 wights
  10 killer bees
  5 elephant simulacra (IceCv)
  7 howler monkeys
  2 hounds
  16 orc priests
  5 iguanas
  A sleepcap (Temple)
  Ijyb (D:4)
  19 orc wizards
  Natasha (twice) (D:4)
  A spriggan simulacrum (IceCv)
  5 polar bear simulacra (IceCv)
  2 troll simulacra (IceCv)
  A wolf simulacrum (IceCv)
  9 gnolls
  8 adders
  A naga simulacrum (IceCv)
  2 white imps
  2 ufetubi
  3 worms
  2 dart slugs
  64 orcs
  2 ball pythons (D:1)
  7 bats
  12 endoplasms
  6 giant cockroaches
  16 goblins
  9 hobgoblins
  3 jackals (D:2)
  3 quokkas
  4 frilled lizards
  31 kobolds
  A kobold zombie (D:8)
  6 rats
542 creatures vanquished.

Vanquished Creatures (others)
  2 elephants (Lair:2)
  A water moccasin (Lair:4)
  A kobold (D:8)
4 creatures vanquished.

Grand Total: 546 creatures vanquished

Notes
Turn   | Place    | Note
-------+----------+-------------------------------------------
     0 | D:1      | BinkBink the Minotaur Monk began the quest for the Orb.
     0 | D:1      | Reached XP level 1. HP: 19/19 MP: 0/0
   178 | D:1      | Reached XP level 2. HP: 26/26 MP: 1/1
   474 | D:1      | Found a faded altar of an unknown god.
   695 | D:1      | Reached skill level 5 in Axes
   925 | D:2      | Reached XP level 3. HP: 24/31 MP: 2/2
  1753 | D:2      | Reached XP level 4. HP: 39/39 MP: 3/3
  2517 | D:4      | Noticed Ijyb
  2537 | D:4      | Killed Ijyb
  2538 | D:4      | Reached XP level 5. HP: 38/45 MP: 4/4
  2538 | D:4      | Found Cerewn's Magic Scroll Boutique.
  2572 | D:4      | Bought a scroll of identify for 20 gold pieces
  2572 | D:4      | Bought a scroll of identify for 20 gold pieces
  2572 | D:4      | Bought a scroll of noise for 10 gold pieces
  2596 | D:4      | Found a staircase to the Ecumenical Temple.
  2615 | Temple   | Entered the Ecumenical Temple
  2662 | Temple   | Became a worshipper of Qazlal Stormbringer
  2662 | Temple   | Reached * piety under Qazlal
  2662 | Temple   | Reached ** piety under Qazlal
  2933 | D:4      | Noticed Natasha
  2937 | D:4      | Killed Natasha
  3293 | D:4      | Noticed Natasha
  3307 | D:4      | Killed Natasha
  3308 | D:4      | Reached XP level 6. HP: 22/51 MP: 5/5
  3492 | D:4      | Noticed Sigmund
  3816 | D:5      | Entered Level 5 of the Dungeon
  4147 | D:5      | Noticed a water moccasin
  4158 | D:5      | Killed a water moccasin
  4159 | D:5      | Reached skill level 10 in Axes
  4159 | D:5      | Reached XP level 7. HP: 29/57 MP: 6/6
  4418 | D:5      | Noticed Opifex's ghost (amateur GrMo)
  4420 | D:5      | Found a transporter.
  4421 | D:5      | Identified the +3 great mace "Ixyttat" {drain, rPois}
  4423 | D:5      | Found a transporter.
  6146 | D:7      | Reached XP level 8. HP: 64/64 MP: 7/7
  6338 | D:7      | Found Cethrock's General Store.
  6494 | D:7      | Reached *** piety under Qazlal
  7766 | D:8      | Reached skill level 4 in Fighting
  7766 | D:8      | Reached skill level 1 in Armour
  7766 | D:8      | Reached XP level 9. HP: 71/71 MP: 8/8
  7791 | D:8      | Reached skill level 5 in Fighting
  7807 | D:8      | Reached skill level 6 in Fighting
  8042 | D:8      | Reached skill level 5 in Dodging
  8239 | D:8      | Found a runed translucent door.
  8240 | D:8      | Noticed sanka's ghost (novice OpSh)
  8324 | D:8      | Reached skill level 7 in Fighting
  8599 | D:8      | Noticed Psyche
  8605 | D:8      | Reached **** piety under Qazlal
  8606 | D:8      | Reached skill level 8 in Fighting
  8611 | D:8      | Killed Psyche
  8612 | D:8      | Reached skill level 5 in Armour
  8612 | D:8      | Reached XP level 10. HP: 75/88 MP: 9/9
  8663 | D:8      | Identified the +7 falchion of Duty {flame, rPois Will+
                  | Dex+2 Stlth+}
  8844 | D:9      | Noticed a cyclops
  8844 | D:9      | Found Dytzelo's Antique Weapon Shop.
  8854 | D:9      | Killed a cyclops
  8874 | D:9      | Noticed a purple ugly thing
  8882 | D:9      | Killed a purple ugly thing
  8883 | D:9      | Reached skill level 9 in Fighting
  8940 | D:9      | Noticed Harold
  8943 | D:9      | Found Aloxo's Jewellery Boutique.
  8960 | D:9      | Killed Harold
  9087 | D:9      | Found Goggumoc's Magic Scroll Emporium.
  9095 | D:9      | Identified the +2 spear "Goblinbane" {antimagic, rF+ rC+
                  | rN+ Dex+2}
  9183 | D:9      | Found a staircase to the Orcish Mines.
  9197 | D:9      | Found Doumiang's Distillery.
  9224 | D:9      | Found a flagged portal.
  9260 | Bailey   | Entered a bailey
  9468 | Bailey   | Reached skill level 10 in Fighting
  9618 | Bailey   | Noticed an orc knight
  9684 | Bailey   | Killed an orc knight
 10252 | D:10     | Entered Level 10 of the Dungeon
 10293 | D:10     | Noticed a two-headed ogre
 10307 | D:10     | Killed a two-headed ogre
 10308 | D:10     | Reached skill level 11 in Fighting
 10308 | D:10     | Reached skill level 1 in Shields
 10384 | D:10     | Found an iron altar of Okawaru.
 10438 | D:10     | Reached XP level 11. HP: 102/102 MP: 10/10
 10980 | D:11     | Noticed a green ugly thing
 10991 | D:10     | Killed a green ugly thing
 11216 | D:11     | Found a staircase to the Lair.
 11646 | D:11     | Noticed a green ugly thing
 11665 | D:11     | Killed a green ugly thing
 12094 | D:11     | Reached skill level 12 in Fighting
 12262 | D:12     | Found Doercho's Firing Range.
 12264 | D:12     | Noticed a centaur warrior
 12275 | D:12     | Killed a centaur warrior
 12285 | D:12     | Noticed a phantasmal warrior
 12290 | D:12     | Killed a phantasmal warrior
 12444 | D:12     | Noticed a frost giant
 12490 | D:12     | Noticed a two-headed ogre
 12501 | D:12     | Killed a two-headed ogre
 12775 | D:12     | Noticed a boulder beetle
 12817 | D:12     | Killed a boulder beetle
 12818 | D:12     | Reached skill level 13 in Fighting
 12818 | D:12     | Reached skill level 5 in Shields
 12991 | D:12     | Noticed a boulder beetle
 13015 | D:12     | Killed a boulder beetle
 13441 | Orc:1    | Entered Level 1 of the Orcish Mines
 13444 | Orc:1    | Reached ***** piety under Qazlal
 13445 | Orc:1    | Noticed an orc high priest
 13529 | D:9      | Bought a scroll of enchant armour for 97 gold pieces
 13782 | Lair:1   | Entered Level 1 of the Lair of Beasts
 13802 | Lair:1   | Reached XP level 12. HP: 115/115 MP: 11/11
 14184 | Lair:1   | Reached skill level 14 in Fighting
 15107 | Lair:2   | Noticed a seven-headed hydra
 15115 | Lair:2   | Killed a ten-headed hydra
 15116 | Lair:2   | Reached skill level 10 in Armour
 15192 | Lair:2   | Reached skill level 10 in Dodging
 15470 | Lair:2   | Reached skill level 15 in Fighting
 16259 | Lair:3   | Reached XP level 13. HP: 127/127 MP: 12/12
 16307 | Lair:3   | Noticed Rupert
 17040 | Orc:1    | Found Havaovi's Magic Scroll Shop.
 17043 | Orc:1    | Bought a scroll of enchant weapon for 105 gold pieces
 17043 | Orc:1    | Bought a scroll of enchant armour for 105 gold pieces
 17088 | Orc:2    | Entered Level 2 of the Orcish Mines
 17088 | Orc:2    | Found a staircase to the Elven Halls.
 17260 | Orc:2    | Noticed Erolcha
 17272 | Orc:2    | Killed Erolcha
 17361 | Orc:2    | Paralysed by an orc sorcerer for 4 turns
 17368 | Orc:2    | Reached skill level 16 in Fighting
 17761 | Orc:2    | Found Foemo's Antique Armour Emporium.
 17766 | Orc:2    | Found Kebak's Distillery.
 17773 | Orc:2    | Found Otoiwk's Antique Armour Shop.
 17775 | Orc:2    | Found Ypizysif's Jewellery Emporium.
 17966 | Orc:2    | Found a transporter.
 17967 | Orc:2    | Noticed Zatogeumi's ghost (journeyman OpFE)
 17974 | Orc:2    | Found a transporter.
 18360 | Orc:1    | Found Egeurous's Distillery.
 18622 | Orc:2    | Bought an encrusted cloak for 304 gold pieces
 18622 | Orc:2    | Identified the +2 cloak "Geutil" {Drain rC+++ Will+ rCorr}
                  | (You bought it in a shop on level 2 of the Orcish Mines)
 18636 | Orc:2    | Bought a potion of berserk rage for 60 gold pieces
 18636 | Orc:2    | Bought 2 potions of curing for 72 gold pieces
 18636 | Orc:2    | Bought a potion of curing for 36 gold pieces
 18636 | Orc:2    | Bought 2 potions of berserk rage for 120 gold pieces
 18636 | Orc:2    | Bought a potion of heal wounds for 60 gold pieces
 18636 | Orc:2    | Bought a potion of berserk rage for 60 gold pieces
 18646 | Orc:2    | Bought an amulet of regeneration for 390 gold pieces
 18866 | Lair:3   | Found a staircase to the Swamp.
 18880 | Lair:3   | Paralysed by Rupert for 4 turns
 18899 | Lair:3   | Killed Rupert
 18977 | Lair:3   | Found a staircase to the Snake Pit.
 19217 | Lair:3   | Noticed Urug
 19232 | Lair:3   | Killed Urug
 19414 | Lair:3   | Found a blossoming altar of Fedhas.
 19449 | Lair:3   | Reached skill level 17 in Fighting
 19723 | Lair:4   | Reached ****** piety under Qazlal
 19761 | Lair:4   | Reached skill level 10 in Shields
 19762 | Lair:4   | Reached XP level 14. HP: 140/140 MP: 13/13
 19764 | Lair:4   | Found a frozen archway.
 19770 | IceCv    | Entered an ice cave
 20034 | IceCv    | Found an ancient bone altar of Kikubaaqudgha.
 20579 | Lair:4   | Reached skill level 18 in Fighting
 20659 | Lair:4   | HP: 5/143 [16-headed hydra (9)]
 20659 | Lair:4   | Mangled by a 16-headed hydra

Illustrated notes

Levels and vault maps discovered:
D:1:      dpeg_arrival_round_b, layout_basic, shapermc_ecumenical_altar_petra,
          minmay_misc_feat_tiny
D:2:      layout_basic, minmay_misc_feat_plants, minmay_splitting_lines
D:3:      layout_basic, minmay_goblin_outpost
D:4:      layout_cave_pods, minmay_temple_entry_waves, serial_shops,
          nicolae_shop_advertising_works [nicolae_subvault_shop_adworks],
          uniq_natasha, uniq_ijyb, uniq_sigmund
D:5:      layout_rooms, gammafunk_ghost_smash, minmay_fractal_squares_gapless_5
D:6:      layout_basic, serial_glass, glass_columns_c, glass_columns_a
D:7:      layout_basic, serial_shops, nicolae_diamond_shop,
          kb_lookout_dungeons_type
D:8:      layout_cave_pools, gammafunk_ghost_grave, uniq_psyche
D:9:      layout_roguey, orc_0_dummy, serial_shops, nicolae_shop_behind_doors,
          shop, shop, nicolae_shop_just_a_little_nook, enter_bailey_7,
          uniq_harold
D:10:     layout_big_octagon, kennysheep_little_box, serial_glass,
          glass_columns_a, glass_columns_a, kennysheep_pointless_box
D:11:     layout_roguey, erik_lair_orcish_takeover
D:12:     minmay_mutant_horseshoe, layout_gridville, nicolae_shop_firing_range
Temple:   kilobyte_greek_temple
Lair:1:   layout_layer_cave, grunt_megastairs_1
Lair:2:   layout_roguey, grunt_megastairs_2, serial_bayou_shore_b,
          infiniplex_staircase_pool_2
Lair:3:   layout_regular_city, swamp_mist, guppyfry_snake_entry_garden,
          tgw_fedhas, uniq_rupert, uniq_urug
Lair:4:   layout_cellular_growth, slime_entry_1, portal_ice_cave_rime,
          gammafunk_ghost_cemetery, grunt_megastairs_4, lemuel_fruit_tree
Orc:1:    layout_diamond_mine, serial_shops, shop, nicolae_shop_real_fake_doors,
          hangedman_feature_mirror
Orc:2:    st_orc_elflike, layout_diamond_mine, gammafunk_ghost_stat_death,
          nicolae_orc_lava_room, uniq_erolcha

Skill      XL: |  1  2  3  4  5  6  7  8  9 10 11 12 13 14 |
---------------+-------------------------------------------+-----
Axes           | 4 5 7 8 10 11 14 | 14.0
Fighting       | 4 8 11 13 15 17 18 | 18.0
Armour         | 1 5 7 9 10 12 | 12.8
Dodging        | 5 7 9 10 11 12 | 12.3
Shields        | 1 5 8 10 | 10.8

Action                     |  1- 3 |  4- 6 |  7- 9 | 10-12 | 13-15 || total
---------------------------+-------+-------+-------+-------+-------++-------
  Melee: Hand axe          |    97 |   136 |   208 |   579 |   773 ||  1793
         Headbutt          |    21 |    22 |    50 |   162 |   239 ||   494
         Unarmed           |       |     9 |       |       |       ||     9
  Evoke: Wand              |       |       |       |       |     6 ||     6
    Use: Scroll            |       |     4 |    15 |     8 |     4 ||    31
         Potion            |       |       |     5 |     7 |     2 ||    14
   Stab: Confused          |       |     1 |       |     4 |     7 ||    12
         Paralysed         |       |       |       |     4 |     3 ||     7
         Invisible         |       |       |       |     1 |       ||     1
         Petrifying        |       |       |       |       |     2 ||     2
         Distracted        |       |       |       |       |     1 ||     1
 Armour: Robe              |    44 |    98 |    85 |    48 |       ||   275
         Skin              |       |     1 |       |     5 |       ||     6
         Pearl dragon scal |       |       |       |   231 |   303 ||   534
  Dodge: Dodged            |    50 |    90 |    91 |   167 |   144 ||   542
         Repelled          |       |       |       |       |     5 ||     5
  Block: Orb               |       |     3 |    28 |    25 |       ||    56
         Tower shield      |       |       |       |   424 |   636 ||  1060
         Reflection        |       |       |       |    14 |     6 ||    20

Table legend: (Time is in decaauts)
 A = Elapsed time spent in this place.
 B = Non-inter-level travel time spent in this place.
 C = Inter-level travel time spent in this place.
 D = Time resting spent in this place.
 E = Time spent auto-exploring this place.
 F = Levels seen in this place.
 G = Mean time per level.
                   A        B        C        D        E       F      G
               +--------+--------+--------+--------+--------+-----+--------+
         Total |  20413 |  19004 |   1409 |   3053 |  12105 |  21 |  972.0 |
       Dungeon |  12997 |  12035 |    962 |   2428 |   7647 |  12 | 1083.1 |
        Temple |    167 |     92 |     75 |     83 |      0 |   1 |  167.0 |
          Lair |   3954 |   3833 |    121 |    124 |   2969 |   4 |  988.5 |
  Orcish Mines |   1972 |   1722 |    250 |    243 |   1069 |   2 |  986.0 |
        Bailey |    768 |    768 |      0 |    174 |    211 |   1 |  768.0 |
      Ice Cave |    553 |    553 |      0 |      0 |    209 |   1 |  553.0 |
               +--------+--------+--------+--------+--------+-----+--------+

Top non-repeatable levels by time:
     D:7: 1701 daAuts
   Orc:2: 1427 daAuts
     D:4: 1392 daAuts
  Lair:2: 1288 daAuts
  Lair:1: 1251 daAuts
    D:11: 1199 daAuts
     D:5: 1095 daAuts
     D:8: 1067 daAuts
    D:12: 1057 daAuts
  Lair:3: 1023 daAuts
    D:10: 990 daAuts
     D:9: 929 daAuts
     D:6: 918 daAuts
     D:2: 916 daAuts
     D:1: 907 daAuts
